 Dungeon Crawl Stone Soup version 0.31-a0-233-g139696dc86 (webtiles) character file.

Game seed: 13618378425247197769

104 qw the Shooter (level 4, 0/36 HPs)
             Began as a Minotaur Hexslinger on July 8, 2023.
             Slain by an orc
             ... wielding a +1 short sword of venom
              (4 damage)
             ... on level 3 of the Dungeon.
             The game lasted 00:00:38 (1947 turns).

qw the Shooter (Minotaur Hexslinger)                Turns: 1947, Time: 00:00:38

Health: 0/36       AC:  5    Str: 12    XL:     4   Next: 52%
Magic:  4/4        EV: 11    Int: 10    God:
Gold:   90         SH:  0    Dex: 15    Spells: 4/5 levels left

rFire   . . .        Y - +2 sling
rCold   . . .        (no shield)
rNeg    . . .        d - +0 ring mail
rPois   .            (helmet restricted)
rElec   .            (no cloak)
rCorr   .            (no gloves)
SInv    .            (no boots)
Will    .....        (no amulet)
Stlth   +            (no ring)
HPRegen 0.26/turn    (no ring)
MPRegen 0.09/turn

%: no passive effects
@: lethally poisoned (0 -> -4)
A: horns 2, retaliatory headbutt
a: no special abilities


You were on level 3 of the Dungeon.
You visited 1 branch of the dungeon, and saw 3 of its levels.

You collected 90 gold pieces.


Innate Abilities, Weirdness & Mutations

You have a pair of horns on your head.
You reflexively headbutt those who attack you in melee.


   Skills:
 - Level 2.0 Fighting
 + Level 4.9 Ranged Weapons
 - Level 1.0 Armour
 - Level 2.1 Dodging
 - Level 1.0 Spellcasting
 - Level 2.0 Hexes


You had 4 spell levels left.
You knew the following spells:

 Your Spells              Type           Power      Damage    Failure   Level
a - Slow                  Hex            16%        N/A       34%         1

Your spell library contained the following spells:

 Spells                   Type           Power      Damage    Failure   Level
 Inner Flame              Hex/Fire       2%         N/A       83%         3
 Portal Projectile        Hex/Tloc       4%         N/A       83%         3
 Cause Fear               Hex            2%         N/A       98%         4

Inventory:

Hand Weapons
 Y - a +2 sling (weapon)
Armour
 d - a +0 ring mail (worn)
Scrolls
 b - a scroll of enchant armour
 c - a scroll of acquirement {unknown}
 e - a scroll of teleportation {unknown}
Potions
 a - a potion of invisibility {unknown}
 f - a potion of berserk rage {unknown}

Dungeon Overview and Level Annotations

Branches:
Dungeon (3/15)

Altars:
Hepliaklqana
Xom


Message History

You are more confused.
Something hits you but does no damage.
The orc priest calls upon Beogh to heal the orc.
The orc's wounds heal themselves!
The orc hits you with a +0 club.
You hear some strange, mumbled words.
Something tries to affect you, but you resist.
The orc priest calls down the wrath of Beogh upon you.
Something writhes in agony!
Reactivating autopickup.
You feel a bit more experienced. The orc closely misses you.
The orc hits you with a +0 club. The orc barely misses you.
The orc priest barely misses you. The orc hits you but does no damage.
The orc hits you with a +0 club. The orc priest closely misses you.
The orc priest closely misses you. The orc barely misses you.
The orc hits you with a +0 club. The orc priest closely misses you.
The orc closely misses you. x2
The orc barely misses you. The orc misses you. The orc priest misses you.
The orc barely misses you. The orc closely misses you.
The orc priest barely misses you. The orc hits you with a +0 club.
The orc closely misses you. The orc barely misses you.
You feel less confused. The orc hits you with a +0 club.
The orc priest miscasts a cantrip.
The orc barely misses you. The orc closely misses you.
You shoot a sling bullet.
The sling bullet closely misses the orc priest.
The orc hits you with a +1 short sword of venom.
You are poisoned.
The orc priest hits you with a +0 war axe.
The orc hits you with a +0 club. The orc hits you but does no damage.
You shoot a sling bullet.
The sling bullet barely misses the orc priest.
You feel sick. The orc hits you with a +0 club.
The orc priest hits you with a +0 war axe.
The orc closely misses you. You furiously retaliate!
You headbutt the orc.
The orc hits you with a +1 short sword of venom.
You die...

## ####### ##.##
#.....# .####?o.##
#.###.#
......o@.#######.###.#
#####.oo...........#.#
##.#########.#.#.# #.
#...#.# #. ##.##># #+
#.##.# ##.### ##.##
#.##


You could see an orc priest and 3 orcs.

Vanquished Creatures
  4 adders
  A dart slug (D:1)
  2 ball pythons (D:2)
  6 endoplasms
  5 goblins
  4 hobgoblins
  3 jackals (D:2)
  5 kobolds
  5 quokkas
  3 bats (D:1)
  3 frilled lizards
  5 rats
46 creatures vanquished.

Vanquished Creatures (others)
  An orc wizard (D:3)
1 creature vanquished.

Grand Total: 47 creatures vanquished

Notes
Turn   | Place    | Note
-------+----------+-------------------------------------------
     0 | D:1      | qw the Minotaur Hexslinger began the quest for the Orb.
     0 | D:1      | Reached XP level 1. HP: 16/16 MP: 1/1
     0 | D:1      | 0 ||| qw: Version: 0.3-a-46-gb1f654a
     0 | D:1      | 0 ||| qw: Game counter: 3655
     0 | D:1      | 0 ||| qw: Melee chars always use a shield: true
     0 | D:1      | 0 ||| qw: God list: Okawaru
     0 | D:1      | 0 ||| qw: Allow faded altars: false
     0 | D:1      | 0 ||| qw: Do Orc after clearing Dungeon:15 true
     0 | D:1      | 0 ||| qw: Do second Lair branch before Depths: true
     0 | D:1      | 0 ||| qw: Lair rune preference: random
     0 | D:1      | 0 ||| qw: Goals: Normal
     0 | D:1      | 0 ||| PLANNING D:1-11
   142 | D:1      | Reached skill level 3 in Ranged Weapons
   146 | D:1      | Reached XP level 2. HP: 23/23 MP: 2/2
   523 | D:1      | 523 ||| Stepping ~*~*~tactically~*~*~ (outnumbered).
   622 | D:1      | Reached XP level 3. HP: 29/29 MP: 3/3
   761 | D:1      | 761 ||| UPGRADING to +0 ring mail.
   771 | D:1      | 771 ||| DROPPING +0 robe.
   772 | D:1      | 772 ||| DROPPING amulet of magic regeneration.
   773 | D:1      | 773 ||| DROPPING +6 ring of intelligence.
   774 | D:1      | 774 ||| READING scroll labelled MAENNE AGINUOT.
   775 | D:1      | 775 ||| DROPPING scroll of poison.
   815 | D:2      | Found a shimmering altar of Xom.
   924 | D:2      | Reached skill level 4 in Ranged Weapons
  1088 | D:2      | Reached skill level 1 in Armour
  1435 | D:2      | 1435 ||| READING scroll labelled KAUNAR OSEH.
  1436 | D:2      | 1436 ||| READING scroll labelled QAEGRER SU KOY.
  1437 | D:2      | 1437 ||| DRINKING 2 clear potions.
  1438 | D:2      | 1438 ||| DROPPING potion of attraction.
  1533 | D:3      | Found a hazy altar of Hepliaklqana.
  1565 | D:3      | Reached XP level 4. HP: 36/36 MP: 4/4
  1895 | D:3      | Found a faded altar of an unknown god.
  1947 | D:3      | HP: 8/36 [poisoned by an orc]
  1947 | D:3      | Slain by an orc

Levels and vault maps discovered:
D:1:      dpeg_arrival_concentric_ovals, layout_basic, minmay_close_crescents
D:2:      layout_loops_ring, basic_altar
D:3:      kennysheep_big_flooded_room, layout_loops_corners,
          mainiacjoe_overflow_six_doors_small, chequers_ecumenical_altar_twisty

Skill      XL: |  1  2  3 |
---------------+----------+-----
Ranged Weapons | 3 4 |  4.9
Fighting       | 2 |  2.0
Armour         | 1 |  1.0
Dodging        | |  2.1
Spellcasting   | |  1.0
Hexes          | |  2.0

Action                     |  1- 3 |  4- 6 || total
---------------------------+-------+-------++-------
   Fire: Sling             |   108 |    19 ||   127
    Use: Scroll            |     3 |       ||     3
         Potion            |     1 |       ||     1
 Armour: Robe              |     5 |       ||     5
         Ring mail         |     6 |     5 ||    11
  Dodge: Dodged            |    18 |    20 ||    38

Table legend:
 A = Non-vault XP
 B = Vault XP
 C = Vault XP percentage of total XP
 D = Non-vault monster count
 E = Vault monster count
 F = Vault count percentage of total count
                 A         B        C        D         E       F
            +---------+---------+-------+---------+---------+-------
      Total |     146 |       3 |   2.0 |      45 |       2 |   4.3
            +---------+---------+-------+---------+---------+-------
        D:1 |      38 |       3 |   7.3 |      21 |       2 |   8.7
        D:2 |      55 |       0 |   0.0 |      19 |       0 |   0.0
        D:3 |      53 |       0 |   0.0 |       5 |       0 |   0.0
            +---------+---------+-------+---------+---------+-------
